 Dungeon Crawl Stone Soup version 0.24.0-123-gd5b16e6ec5 (webtiles) character file.

Game seed: 4130470857996941424, levelgen mode: deterministic

3691 Descartes the Gouger (level 9, -1/37 HPs)
             Began as a Felid Monk on Jan 8, 2020.
             Slain by an orc warrior
             ... wielding a +2 dire flail of draining
              (5 damage)
             ... on level 9 of the Dungeon.
             The game lasted 00:22:01 (12487 turns).

Descartes the Gouger (Felid Monk)                  Turns: 12487, Time: 00:22:02

Health: -1/37      AC:  4    Str: 10    XL:     9   Next: 90%
Magic:  10/10      EV: 23    Int: 11    God:
Gold:   465        SH:  0    Dex: 24    Spells: 8/8 levels left
                                        Lives:  0   Deaths: 2

rFire    x . .     SeeInvis +     - Unarmed
rCold    + . .     Gourm    .   (shield unavailable)
rNeg     . . .     Faith    .   (armour unavailable)
rPois    .         Spirit   .   (helmet unavailable)
rElec    .         Reflect  .   (cloak unavailable)
rCorr    .         Harm     .   (gloves unavailable)
MR       +....                  (boots unavailable)
Stlth    +++++.....             (no amulet)
HPRegen  0.12/turn              p - ring of ice
MPRegen  0.12/turn              r - +5 ring of dexterity

@: heavily drained, quick
A: very small, no armour, no weapons or thrown items, stealth, claws 1, fangs 3,
molten scales 1, see invisible, carnivore, speed 1, shaggy fur 2, slow
metabolism 1, subdued magic 1, sharp paws
a: no special abilities


You were on level 9 of the Dungeon.
You were completely stuffed.

You visited 2 branches of the dungeon, and saw 10 of its levels.
You also visited: Ossuary.

You collected 465 gold pieces.

Inventory:

Missiles
 g - 230 stones
 h - 133 arrows
Jewellery
 p - a ring of ice (left paw)
 r - a +5 ring of dexterity (right paw)
 u - an uncursed ring of flight {unknown}
 x - an uncursed amulet of the gourmand {unknown}
Wands
 q - a wand of paralysis (2)
Scrolls
 c - 3 scrolls of remove curse
 d - a scroll of identify
 f - 3 scrolls of magic mapping {unknown}
 n - 4 scrolls of teleportation
 s - 4 scrolls of amnesia {unknown}
 t - a scroll of immolation {unknown}
 y - a scroll of blinking {unknown}
 A - a scroll of vulnerability {unknown}
Potions
 b - a potion of heal wounds {unknown}
 e - 2 potions of might
 i - 5 potions of haste
 j - a potion of berserk rage {unknown}
 k - a potion of brilliance {unknown}
 l - 3 potions of curing
 m - 2 potions of flight
 o - 2 potions of ambrosia {unknown}
 v - a potion of mutation
 w - 3 potions of agility {unknown}
 z - 2 potions of invisibility {unknown}
Comestibles
 a - 19 rations
 B - a chunk of flesh


   Skills:
 - Level 3.0(1.4) Fighting
 + Level 7.6(5.8) Dodging
 + Level 9.6(7.7) Stealth
 * Level 13.3(11.3) Unarmed Combat


You had 8 spell levels left.
You didn't know any spells.
Your spell library contained the following spells:

 Spells                   Type           Power        Failure   Level  Hunger
 Animate Skeleton         Necr           N/A          30%         1    ##.....
 Pain                     Necr           #...         30%         1    ##.....
 Regeneration             Chrm/Necr      #.........   67%         3    ####...
 Vampiric Draining        Necr           #.........   67%         3    ####...
 Animate Dead             Necr           N/A          97%         4    #####..


Dungeon Overview and Level Annotations

Branches:
Dungeon (9/15)             Temple (1/1) D:7         Ossuary (visited)
   Lair: D:8-11         Orc: D:9-12

Altars:
Ashenzari
Cheibriados
Dithmenos
Elyvilon
Fedhas
Gozag
Hepliaklqana
Kikubaaqudgha
Makhleb
Nemelex Xobeh
Okawaru
Qazlal
Ru
Sif Muna
Trog
Uskayaw
Vehumet
Wu Jian
Xom
Yredelemnul
Zin
The Shining One

Annotations:
D:5 Pikel
D:9 exclusion: door


Innate Abilities, Weirdness & Mutations

You cannot wear armour.
You are incapable of wielding weapons or throwing items.
Your paws allow you to move quietly. (Stealth)
You have sharp claws.
You have razor-sharp teeth.
You have supernaturally acute eyesight. (SInv)
You are carnivorous and can eat meat at any time.
You cover ground quickly.
You are covered in thick fur. (AC +2)
You have a slow metabolism.
Your sharp claws are effective at attacking unaware monsters.
You are partially covered in molten scales. (AC +2)
Your spells are a little easier to cast, but a little less powerful.


Message History

The wight is almost destroyed.
The wight closely misses you.
You scratch the wight but do no damage.
The wight is almost destroyed.
The wight misses you.
You scratch the wight but do no damage. You bite the wight, but do no damage.
The wight is almost destroyed.
The wight barely misses you.
You claw the wight!
You destroy the wight!
You scratch the orc warrior but do no damage.
The orc warrior is moderately wounded.
The orc warrior completely misses you.
You closely miss the orc warrior.
You bite the orc warrior, but do no damage.
The orc warrior is moderately wounded.
The orc warrior hits you with a +2 dire flail of draining!
* * * LOW HITPOINT WARNING * * *
You feel drained.
You die...

#..........
#.....#....
#..)..#....
#........# #........#
#..o.....# #.#ao....#
#.#o###### #.#@#
#...# #...# . #.#.#
#... #...########..
#...รท..........#####
#..#......#..#.#...)
#..)...........#####
#....##)###.........


You could see an orc warrior, a worker ant and 2 orcs.

Vanquished Creatures
  Harold (D:8)
  Psyche (D:9)
  Prince Ribbit (D:7)
  Grinder (D:5)
  A spriggan (D:8)
  Eustachio (D:5)
  Menkaure (D:4)
  Duvessa (D:7)
  2 orc warriors
  An ice beast (D:5)
  The ghost of dragonscale333 the Charmwright, an amateur GnSk of Gozag (D:3)
  2 phantoms
  2 ogres
  2 necrophages (D:8)
  2 centaurs
  A big kobold (D:8)
  2 bullfrogs (D:7)
  Dowan (D:7)
  9 killer bees
  7 wights
  A howler monkey (D:6)
  4 crimson imps
  3 quasits (D:3)
  2 bullfrog skeletons
  A hound (D:7)
  3 jellies
  Crazy Yiuf (D:3)
  2 orc priests
  4 orc wizards
  5 centaur skeletons
  3 iguanas
  Ijyb (D:4)
  9 worker ants
  3 hound skeletons
  4 mummies (Ossuary)
  A howler monkey zombie (D:5)
  A worker ant zombie (D:6)
  4 gnolls
  A howler monkey skeleton (D:7)
  10 adders
  3 shadow imps
  An ooze (D:3)
  2 adder skeletons
  2 adder zombies
  2 worms (D:2)
  4 dart slugs
  4 leopard geckos
  23 orcs
  8 bats
  10 giant cockroaches
  7 gnoll zombies
  10 goblins
  3 hobgoblins
  24 jackals
  17 kobolds
  6 quokkas
  2 ball pythons
  5 frilled lizards
  4 gnoll skeletons (Ossuary)
  2 goblin skeletons (Ossuary)
  3 goblin zombies (Ossuary)
  2 hobgoblin skeletons (Ossuary)
  5 hobgoblin zombies (Ossuary)
  A jackal skeleton (D:4)
  A jackal zombie (D:7)
  5 kobold skeletons (Ossuary)
  2 kobold zombies (Ossuary)
  4 orc skeletons (Ossuary)
  2 orc zombies (Ossuary)
  A quokka zombie (D:6)
  9 rats
  7 rat skeletons (Ossuary)
  8 rat zombies (Ossuary)
292 creatures vanquished.

Vanquished Creatures (others)
  A kobold skeleton (Ossuary)
1 creature vanquished.

Grand Total: 293 creatures vanquished

Notes
Turn   | Place    | Note
-------+----------+-------------------------------------------
     0 | D:1      | Descartes the Felid Monk began the quest for the Orb.
     0 | D:1      | Reached XP level 1. HP: 10/10 MP: 2/2
   271 | D:1      | Reached XP level 2. HP: 14/14 MP: 3/3
   912 | D:1      | Reached XP level 3. HP: 16/17 MP: 4/4
  1024 | D:1      | Reached skill level 4 in Unarmed Combat
  1075 | D:2      | Found a sparkling altar of Nemelex Xobeh.
  1504 | D:2      | Reached XP level 4. HP: 11/21 MP: 5/5
  2227 | D:2      | Found a basalt altar of Yredelemnul.
  2321 | D:3      | Found a faded altar of an unknown god.
  2326 | D:3      | Found a hide-covered altar of Uskayaw.
  2899 | D:3      | Found a transporter.
  2911 | D:3      | Noticed dragonscale333's ghost (amateur GnSk)
  2923 | D:3      | Found a transporter.
  2931 | D:3      | Found a radiant altar of Vehumet.
  3005 | D:3      | Found a runed translucent door.
  3006 | D:3      | Noticed Crazy Yiuf
  3237 | D:3      | Found a hazy altar of Hepliaklqana.
  3246 | D:3      | Reached XP level 5. HP: 24/24 MP: 6/6
  3614 | D:4      | Reached skill level 5 in Unarmed Combat
  3816 | D:4      | Noticed Menkaure
  3824 | D:4      | Killed Menkaure
  3824 | D:4      | Reached skill level 5 in Stealth
  3824 | D:4      | Gained mutation: You are covered in thick fur. (AC +2)
                  | [Felid growth]
  3824 | D:4      | Reached XP level 6. HP: 28/28 MP: 7/7
  3927 | D:4      | Found a shadowy altar of Dithmenos.
  3993 | D:4      | Reached skill level 6 in Unarmed Combat
  4310 | D:4      | Noticed Ijyb
  4328 | D:4      | Killed Ijyb
  4610 | D:3      | Killed Crazy Yiuf
  4610 | D:3      | Reached XP level 7. HP: 31/31 MP: 8/8
  4678 | D:3      | Reached skill level 5 in Dodging
  4882 | D:3      | Killed dragonscale333's ghost
  4882 | D:3      | Reached skill level 7 in Unarmed Combat
  5122 | D:5      | Entered Level 5 of the Dungeon
  5124 | D:5      | Noticed Eustachio
  5134 | D:5      | Killed Eustachio
  5359 | D:5      | Noticed Grinder
  5365 | D:5      | Killed Grinder
  5365 | D:5      | Reached skill level 8 in Unarmed Combat
  5365 | D:5      | Reached XP level 8. HP: 34/34 MP: 9/9
  5374 | D:5      | Noticed Pikel
  7148 | D:5      | HP: 1/34 [Pikel/puff of flame (16)]
  7149 | D:5      | Mangled by Pikel
  7150 | D:5      | Reached XP level 7. HP: -6/31 MP: 8/8
  7254 | D:5      | Reached skill level 9 in Unarmed Combat
  7776 | D:6      | Reached XP level 8. HP: 34/34 MP: 9/9
  7879 | D:6      | Reached skill level 10 in Unarmed Combat
  8455 | D:7      | Noticed Prince Ribbit
  8469 | D:7      | Killed Prince Ribbit
  8725 | D:7      | Found a snail-covered altar of Cheibriados.
  8783 | D:7      | Found an ornate altar of the Wu Jian Council.
  9061 | D:7      | Noticed Duvessa
  9077 | D:7      | Killed Duvessa
  9077 | D:7      | Reached skill level 11 in Unarmed Combat
  9077 | D:7      | Reached XP level 9. HP: 31/37 MP: 10/10
  9085 | D:7      | Noticed Dowan
  9088 | D:7      | Killed Dowan
  9301 | D:7      | Found a staircase to the Ecumenical Temple.
  9344 | Temple   | Entered the Ecumenical Temple
  9689 | D:8      | Found a sand-covered staircase.
  9697 | Ossuary  | Entered an ossuary
 10064 | Ossuary  | Gained mutation: Your spells are a little easier to cast,
                  | but a little less powerful. [potion of mutation]
 10064 | Ossuary  | Gained mutation: You are partially covered in molten
                  | scales. (AC +2) [potion of mutation]
 10192 | D:8      | Slain by a killer bee
 10193 | D:8      | Reached XP level 8. HP: -5/34 MP: 9/9
 10221 | D:8      | Reached skill level 12 in Unarmed Combat
 10616 | D:8      | Noticed Harold
 10623 | D:8      | Killed Harold
 10623 | D:8      | Reached XP level 9. HP: 37/37 MP: 10/10
 10643 | D:8      | Found a shimmering altar of Xom.
 12006 | D:9      | Noticed Psyche
 12020 | D:9      | Killed Psyche
 12020 | D:9      | Reached skill level 13 in Unarmed Combat
 12487 | D:9      | Slain by an orc warrior

Levels and vault maps discovered:
D:1:      dpeg_arrival_boxes_within_box, layout_loops_ring
D:2:      layout_loops_ring, lemuel_zombie_altar_yredelemnul,
          nemelex_xobeh_ov_fountains_minmay, first_ration, minmay_vboxes
D:3:      layout_loops_ring, nicolae_overflow_crystal_walls,
          grunt_temple_overflow_open, chequers_ecumenical_altar_island,
          gammafunk_ghost_stat_death, solitary_fountain, uniq_crazy_yiuf_cottage
D:4:      layout_basic, nicolae_dithmenos_through_a_glass_darkly, uniq_ijyb,
          uniq_menkaure
D:5:      layout_basic, uniq_eustachio, uniq_pikel, uniq_grinder
D:6:      kb_forest_paths, layout_basic
D:7:      layout_loops_ring, kennysheep_little_box,
          minmay_temple_entry_sparse_star, basic_altar, uniq_prince_ribbit1,
          uniq_duvessa
D:8:      layout_loops_cross, nicolae_ossuary_entry_plus, the_bakery,
          hangedman_decor_push, xom_teletrap_fun, uniq_harold
D:9:      layout_stronghold, chequers_serial_rivers_room_a, uniq_psyche
Temple:   nicolae_temple_x_marks_the_god

Skill      XL: |  1  2  3  4  5  6  7  8  9 |
---------------+----------------------------+-----
Stealth        | 3 4 5 6 7 8 9 |  9.6
Unarmed Combat | 4 5 6 9 12 13 | 13.3
Dodging        | 5 6 7 |  7.6
Fighting       | |  3.0

Action                   |  1- 3 |  4- 6 |  7- 9 || total
-------------------------+-------+-------+-------++-------
Melee: Unarmed           |    95 |   133 |   615 ||   843
       Bite              |     8 |    10 |    71 ||    89
       Punch             |     1 |     2 |    35 ||    38
Evoke: Wand              |       |     2 |       ||     2
  Use: Scroll            |       |     5 |     6 ||    11
       Potion            |       |       |     3 ||     3
 Stab: Sleeping          |    11 |    23 |    30 ||    64
       Paralysed         |       |     1 |       ||     1
       Distracted        |       |       |     4 ||     4
  Eat: Chunk             |     8 |     6 |    25 ||    39
Armor: Skin              |     1 |     8 |    25 ||    34
Dodge: Dodged            |    60 |    82 |   461 ||   603
